Map: Deathaura LE

Players

LiquidClem (Clem) - Winner!

  • Race: Terran Terran
  • League: Bronze
  • Spawn Location: 5:00

INnoVation

  • Race: Terran Terran
  • Spawn Location: 11:00

Event: War Chest Team League

VOD

Have the link to the VOD?

Description

Time

  • Played on: Aug. 9, 2020, 9:30 a.m.
  • Length: 17:59
Show
View Real Time Build Order
Export as new Build Order

LiquidClem Terran - Winner!

Build Orders: Gas First Reaper Expand, Hellion Banshee 

Get SALT Encoding   

  12  0:00  SCV  
  13  0:12  SCV  
  14  0:16  Supply Depot  
  14  0:24  SCV  
  15  0:29  Refinery  
  15  0:38  SCV  
  16  0:43  Barracks  
  16  0:50  SCV  
  17  1:02  SCV  
  18  1:14  SCV  
  19  1:30  Reaper  
  19  1:31  Orbital Command  
  20  1:41  Command Center  
  20  1:51  Factory  
  20  1:56  SCV  
  21  2:03  Supply Depot  
  21  2:08  Barracks Reactor  
  21  2:09  SCV  
  22  2:18  Refinery  
  22  2:21  SCV  
  23  2:33  SCV  
  24  2:43  Starport  
  24  2:45  SCV  
  24  2:47  Hellion x2  
  24  2:51  Barracks Tech Lab  
  29  2:56  Orbital Command  
  30  2:58  SCV  
  30  3:08  Hellion  
  30  3:12  Hellion  
  34  3:13  Marauder  
  34  3:16  Concussive Shells  
  36  3:24  Medivac  
  38  3:28  Supply Depot  
  38  3:35  Marauder  
  38  3:37  Hellion  
  38  3:39  Hellion  
  44  3:43  SCV  
  44  3:44  SCV  
  46  3:48  Refinery  
  46  3:54  Supply Depot  
  46  3:55  SCV  
  46  3:57  Starport Tech Lab  
  46  3:58  SCV  
  48  4:08  SCV, Marine x2  
  48  4:09  Siege Tank  
  54  4:15  SCV  
  54  4:16  Supply Depot  
  55  4:19  Banshee  
  55  4:21  SCV  
  59  4:27  SCV  
  58  4:33  SCV  
  58  4:34  Marine x2  
  53  4:39  SCV  
  53  4:42  Siege Tank  
  53  4:45  SCV  
  51  4:52  SCV  
  52  4:57  SCV  
  53  5:04  SCV  
  53  5:05  Command Center  
  52  5:09  SCV, Marine  
  52  5:12  Viking x2  
  58  5:16  SCV  
  58  5:17  Siege Tank  
  62  5:21  SCV  
  62  5:25  Supply Depot  
  62  5:27  Marine  
  62  5:28  SCV  
  65  5:30  Stimpack  
  65  5:34  SCV, Supply Depot  
  66  5:38  Barracks  
  66  5:40  Barracks  
  66  5:44  Refinery  
  66  5:45  Viking  
  68  5:50  Viking  
  68  5:54  SCV x2, Marine  
  73  6:02  Supply Depot  
  73  6:05  Siege Tank  
  73  6:07  SCV x2  
  77  6:12  Marine  
  73  6:20  SCV x2  
  71  6:26  Marine  
  71  6:30  Marine  
  71  6:32  SCV  
  69  6:37  Marine, Siege Tank  
  69  6:38  Orbital Command  
  69  6:39  SCV  
  63  6:42  Viking  
  63  6:45  Refinery  
  65  6:47  Refinery  
  65  6:52  Viking  
  67  6:54  Marine x2  
  67  6:55  Marine  
  67  6:56  SCV  
  67  6:58  SCV  
  72  7:08  SCV x2, Engineering Bay  
  73  7:10  SCV  
  73  7:12  Marine x2  
  77  7:17  Orbital Command  
  77  7:19  Siege Tank  
  77  7:20  SCV  
  77  7:22  SCV, Marine  
  84  7:25  Combat Shield  
  84  7:29  Supply Depot  
  83  7:30  Marine  
  83  7:32  SCV  
  83  7:34  SCV  
  86  7:42  Engineering Bay, Barracks  
  86  7:44  Terran Infantry Weapons Level 1, Barracks  
  86  7:49  Marine  
  86  7:50  SCV  
  88  7:53  SCV x2  
  88  7:54  Barracks Reactor, Supply Depot  
  90  8:02  SCV, Barracks Reactor  
  90  8:05  SCV  
  92  8:08  Marine, Siege Tank  
  92  8:09  SCV  
  92  8:10  Supply Depot  
  94  8:14  SCV  
  94  8:15  Supply Depot  
  94  8:17  SCV, Supply Depot  
  94  8:19  Refinery  
  96  8:21  SCV  
  96  8:23  Medivac x2  
  96  8:26  SCV, Marine  
  103  8:27  Supply Depot  
  103  8:28  Supply Depot  
  103  8:29  Terran Infantry Armor Level 1  
  103  8:30  Marine  
  103  8:31  Barracks Reactor  
  103  8:32  Barracks Reactor  
  103  8:33  SCV x2  
  106  8:36  Refinery  
  106  8:37  Marine  
  106  8:38  SCV  
  108  8:41  Marine  
  108  8:42  Marine  
  108  8:43  Marine  
  108  8:44  Siege Tank  
  108  8:45  SCV x2  
  116  8:49  Marine  
  116  8:50  SCV  
  116  8:54  Command Center  
  116  8:55  Marine  
  118  8:57  SCV  
  118  8:59  Marine x2  
  118  9:00  Medivac  
  118  9:01  Medivac, Marine  
  127  9:06  Supply Depot  
  127  9:07  SCV x2, Marine  
  131  9:10  SCV, Marine x3, Sensor Tower  
  131  9:13  Marine  
  131  9:15  Marine  
  131  9:16  Supply Depot  
  136  9:17  Marine x2  
  136  9:19  Marine  
  136  9:22  Siege Tank  
  142  9:25  Supply Depot, Marine  
  142  9:28  Marine x2  
  145  9:31  Missile Turret  
  145  9:32  Missile Turret, Marine x2  
  145  9:35  Marine  
  145  9:38  Medivac x2  
  150  9:42  Factory  
  150  9:43  Marine  
  149  9:48  Marine  
  150  9:54  Siege Tank  
  150  9:55  Marine x4  
  150  9:56  Marine  
  158  10:00  Barracks Reactor  
  158  10:02  Marine  
  158  10:04  Marine  
  158  10:06  Marine  
  159  10:07  Medivac  
  159  10:08  Medivac  
  159  10:11  Armory  
  159  10:12  Marine x2  
  159  10:14  Marine x2  
  167  10:17  Marine  
  167  10:20  Marine  
  166  10:21  SCV  
  166  10:22  SCV, Sensor Tower  
  166  10:24  Marine  
  166  10:25  Marine  
  170  10:30  Marine x2  
  170  10:31  Marine  
  172  10:35  Planetary Fortress  
  172  10:37  Medivac x2  
  172  10:39  Siege Tank  
  178  10:43  SCV x3  
  178  10:44  Siege Tank  
  178  10:46  Marine x2  
  183  10:51  Marine  
  183  10:54  Marine  
  183  10:56  Marine x2  
  184  10:57  Marine x2  
  184  10:59  Marine  
  184  11:03  Marine  
  184  11:04  Marine  
  180  11:05  SCV  
  180  11:06  SCV, Refinery x2  
  183  11:11  Siege Tank  
  183  11:13  Marine  
  183  11:15  Marine  
  188  11:20  Command Center  
  188  11:21  Marine x2  
  188  11:24  Marine, Sensor Tower, Siege Tank  
  192  11:27  Marine  
  192  11:28  Marine  
  192  11:30  Medivac x2  
  192  11:32  Marine x4  
  180  11:37  Terran Infantry Weapons Level 2  
  181  11:40  Terran Infantry Armor Level 2  
  181  11:44  Marine x3  
  181  11:45  Marine x2  
  181  11:46  Marine  
  187  11:51  Marine  
  187  11:52  Marine x2  
  184  11:54  Marine, Siege Tank  
  181  12:01  Marine  
  181  12:02  Marine x3  
  181  12:03  Marine  
  181  12:04  Marine  
  140  12:09  Marine  
  140  12:10  Marine x2  
  140  12:12  Marine  
  140  12:13  SCV  
  136  12:19  Marine  
  136  12:20  Marine x3  
  136  12:21  Marine x2  
  132  12:27  SCV x2, Marine  
  132  12:28  Marine x2  
  132  12:29  SCV  
  131  12:30  Marine, Siege Tank  
  132  12:37  Marine  
  132  12:38  Marine  
  132  12:39  Marine  
  132  12:40  Marine x2  
  137  12:47  Siege Tank  
  137  12:49  Marine x2  
  137  12:50  Marine x2  
  124  12:53  SCV x2  
  124  12:55  SCV  
  124  12:56  SCV  
  128  13:00  Marine x2  
  128  13:01  Marine  
  128  13:02  Marine  
  134  13:05  SCV  
  134  13:11  Orbital Command  
  134  13:12  Siege Tank  
  136  13:14  Marine  
  137  13:20  Siege Tank  
  137  13:21  Marine x2  
  137  13:25  Marine  
  143  13:29  Marine x4  
  143  13:32  Marine  
  148  13:35  Marine x2  
  149  13:41  Marine x2  
  149  13:43  Marine  
  149  13:44  Siege Tank  
  149  13:45  Medivac x2  
  149  13:47  Marine x3  
  162  13:51  Marine x2  
  161  13:55  Siege Tank  
  161  13:58  Marine x2  
  164  14:04  Marine  
  164  14:05  Marine x2  
  156  14:11  Terran Infantry Weapons Level 3  
  156  14:14  Marine x2  
  156  14:15  Medivac x2, Marine x2  
  156  14:16  Siege Tank  
  148  14:17  Marine  
  148  14:20  Marine  
  148  14:22  Marine  
  148  14:23  Marine x3  
  151  14:28  Siege Tank  
  153  14:32  Marine x2  
  153  14:33  Marine x2  
  153  14:35  SCV x3, Marine  
  153  14:36  SCV x2, Command Center  
  153  14:38  Marine  
  164  14:39  Marine  
  164  14:42  Terran Infantry Armor Level 3  
  164  14:43  Marine  
  166  14:48  SCV, Command Center, Marine x2  
  166  14:50  Marine  
  166  14:52  Marine  
  171  14:54  Marine x2  
  171  14:55  Marine  
  171  14:56  Marine  
  176  15:00  Siege Tank  
  176  15:01  Marine  
  176  15:02  Siege Tank  
  176  15:03  Marine  
  176  15:06  Marine  
  184  15:07  Terran Vehicle Weapons Level 1  
  184  15:09  Marine x2  
  184  15:10  Marine  
  184  15:12  Marine x3  
  190  15:17  Marine  
  175  15:21  Marine x2  
  175  15:22  Liberator  
  175  15:24  Viking, Marine  
  175  15:27  Marine x2  
  175  15:28  Marine  
  181  15:30  Marine  
  181  15:32  Marine x2  
  181  15:34  Marine  
  185  15:39  Marine x2  
  185  15:41  Marine  
  185  15:45  Marine x3  
  185  15:48  Marine, Siege Tank  
  182  15:50  Marine x2  
  182  15:51  Siege Tank  
  182  15:52  Marine  
  182  15:57  Marine x2  
  184  15:59  Marine  
  184  16:02  Marine  
  184  16:03  Marine x2  
  190  16:06  Marine  
  190  16:07  Marine  
  192  16:14  Marine  
  193  16:20  Siege Tank  
  193  16:23  Marine x2  
  193  16:24  Marine x2, Sensor Tower  
  200  16:31  Siege Tank  
  200  16:32  Marine x3  
  179  16:33  Marine  
  179  16:34  Marine x2  
  155  16:40  Marine  
  155  16:41  Marine  
  155  16:42  Marine x2  
  155  16:45  Liberator x2  
  160  16:50  Marine x4  
  160  16:51  Marine  
  160  16:52  Marine, Siege Tank  
  169  16:58  Marine  
  171  17:04  Siege Tank  
  171  17:07  Barracks  
  174  17:08  Marine  
  168  17:16  Marine  
  168  17:20  Orbital Command  
  168  17:22  Barracks  
  169  17:24  Siege Tank  
  169  17:26  Marine, Barracks x2  
  169  17:27  Barracks  
  173  17:32  Marine  
  173  17:34  Marine  
Show
View Real Time Build Order
Export as new Build Order

INnoVation Terran 

Build Orders: Reaper Expand 

Get SALT Encoding   

  12  0:00  SCV  
  13  0:12  SCV  
  14  0:17  Supply Depot  
  14  0:24  SCV  
  15  0:38  SCV  
  15  0:40  Barracks  
  16  0:43  Refinery  
  16  0:50  SCV  
  17  1:02  SCV  
  18  1:15  SCV  
  19  1:28  Reaper, Orbital Command  
  20  1:40  Command Center  
  20  1:50  Supply Depot  
  20  1:53  SCV  
  21  2:00  Reaper  
  22  2:03  Refinery  
  22  2:05  SCV  
  23  2:17  SCV  
  23  2:20  Factory  
  25  2:30  SCV  
  25  2:33  Barracks Reactor  
  25  2:42  SCV  
  26  2:53  Orbital Command  
  26  2:54  SCV  
  27  3:05  Bunker, Factory Tech Lab  
  27  3:07  SCV  
  27  3:09  Marine  
  27  3:10  Marine, Starport  
  28  3:18  SCV  
  28  3:19  SCV  
  30  3:23  Siege Tank  
  33  3:27  Marine x2  
  33  3:31  SCV x2  
  33  3:32  Supply Depot  
  37  3:43  SCV x2  
  37  3:45  Marine x2  
  37  3:47  Viking  
  43  3:54  Supply Depot  
  43  3:56  Siege Tank  
  43  3:58  SCV x2  
  48  4:03  Marine x2  
  48  4:05  Supply Depot  
  50  4:11  SCV x2  
  50  4:16  Medivac  
  54  4:21  Marine x2  
  46  4:31  SCV x2  
  38  4:40  Marine x2  
  38  4:43  SCV x2  
  38  4:44  Siege Tank  
  44  4:55  SCV  
  44  4:56  SCV  
  44  4:58  Medivac, Marine x2  
  50  5:08  SCV x2  
  50  5:11  Command Center  
  52  5:22  SCV  
  52  5:23  SCV, Barracks  
  54  5:28  Barracks Reactor  
  54  5:30  Barracks  
  54  5:35  SCV x2  
  56  5:37  Starport Reactor  
  56  5:40  Engineering Bay x2  
  56  5:47  SCV x2  
  56  5:49  Siege Tank  
  61  5:51  Refinery  
  61  5:59  SCV x2  
  61  6:01  Refinery  
  63  6:09  Marine  
  63  6:11  SCV x2  
  66  6:12  Terran Infantry Weapons Level 1  
  66  6:21  Marine  
  66  6:22  Starport Reactor, Marine  
  66  6:23  SCV x2  
  66  6:24  Orbital Command  
  67  6:30  Terran Infantry Armor Level 1  
  65  6:35  SCV x2, Marine x3  
  65  6:39  Marine  
  64  6:47  SCV x2  
  64  6:51  Cyclone, Orbital Command  
  64  6:53  Marine x3  
  67  6:54  Missile Turret  
  67  6:55  Barracks Tech Lab  
  67  6:58  Marine  
  67  6:59  SCV x2  
  67  7:02  Viking  
  67  7:03  Viking  
  70  7:10  Marine  
  70  7:11  SCV x2  
  69  7:15  Stimpack  
  69  7:20  SCV  
  69  7:23  SCV  
  69  7:24  SCV  
  69  7:25  Barracks  
  69  7:27  Barracks  
  69  7:29  Siege Tank  
  74  7:32  SCV  
  74  7:35  SCV  
  74  7:36  SCV, Marine x2  
  74  7:37  Marine x3  
  79  7:40  Supply Depot  
  79  7:43  Supply Depot  
  79  7:44  SCV  
  83  7:47  Medivac  
  85  7:55  Armory  
  85  8:01  SCV x3, Medivac  
  85  8:02  Siege Tank  
  85  8:05  Supply Depot  
  92  8:13  Barracks Reactor, SCV x2  
  92  8:16  Marine x5  
  100  8:20  SCV, Supply Depot  
  100  8:25  SCV  
  101  8:30  Supply Depot, Refinery x2  
  101  8:31  SCV  
  101  8:32  SCV, Marine x2  
  101  8:34  Marine x3  
  106  8:38  SCV  
  109  8:41  Siege Tank  
  109  8:43  SCV  
  109  8:45  Terran Infantry Weapons Level 2  
  109  8:48  Terran Infantry Armor Level 2  
  113  8:49  SCV, Supply Depot  
  113  8:50  SCV  
  113  8:52  Marine  
  113  8:53  Marine x4  
  120  8:56  Combat Shield  
  120  9:03  SCV x3  
  120  9:05  Marine x2  
  120  9:07  Terran Vehicle Weapons Level 1, Supply Depot  
  125  9:10  Marine  
  125  9:11  Marine x2  
  125  9:12  Marine, Sensor Tower  
  125  9:13  Marine  
  129  9:19  Siege Tank  
  129  9:23  SCV  
  133  9:24  Supply Depot  
  133  9:29  SCV x2, Supply Depot  
  133  9:30  Supply Depot, Medivac  
  137  9:32  Marine  
  137  9:33  Marine x2  
  137  9:34  Marine  
  141  9:42  Medivac  
  141  9:44  Factory  
  140  9:46  Marine  
  140  9:47  Marine x4  
  142  9:57  Siege Tank  
  136  10:01  Marine  
  136  10:02  Marine x3  
  136  10:04  Marine x3  
  140  10:07  Medivac  
  140  10:12  Medivac  
  144  10:19  Command Center  
  143  10:23  Marine x7  
  148  10:37  Siege Tank x2  
  148  10:38  Barracks Reactor  
  148  10:41  Medivac, Marine x5  
  161  10:45  Medivac  
  163  10:53  Marine x3  
  159  10:58  Marine  
  159  10:59  Marine x4  
  162  11:09  Terran Infantry Weapons Level 3, Terran Infantry Armor Level 3  
  162  11:11  Marine x3  
  165  11:22  Supply Depot  
  165  11:24  Supply Depot, Marine  
  165  11:25  Marine x2  
  165  11:26  Marine x4  
  165  11:31  Siege Tank x2  
  152  11:34  Marine  
  152  11:35  Marine x2  
  153  11:49  Marine x4  
  153  11:50  Marine x3  
  145  12:03  Marine x3  
  145  12:07  Marine x4  
  135  12:12  Siege Tank  
  135  12:13  Siege Tank  
  135  12:15  Marine x2  
  130  12:21  Marine x3  
  113  12:25  Marine x4  
  113  12:27  Medivac  
  98  12:32  Marine  
  93  12:41  Marine x2  
  92  12:45  Marine  
  92  12:48  Marine  
  92  12:49  Marine x2  
  86  13:00  Siege Tank  
  86  13:05  Marine  
  90  13:06  Marine x2  
  90  13:12  Marine  
  92  13:13  Marine  
  90  13:30  Marine x5  
  90  13:32  Siege Tank  
  98  13:34  Marine x2  
  98  13:36  Marine  
  92  13:54  Marine  
  92  13:55  Marine  
  94  13:56  Marine  
  94  14:02  Marine x3  
  97  14:04  Siege Tank  
  97  14:08  Marine  
  90  14:11  Marine  
  90  14:14  Marine  
  90  14:15  Marine  
  80  14:22  Factory Tech Lab  
  80  14:23  Marine x4  
  66  14:32  Medivac x2  
  66  14:37  Siege Tank  
  72  14:39  Marine x3  
  72  14:41  Marine  
  76  14:47  Siege Tank  
  76  14:51  Marine x4  
  82  14:56  Marine  
  82  14:57  Marine x3  
  82  14:59  Marine  
  87  15:03  Medivac x2  
  91  15:09  Marine x4  
  91  15:11  Siege Tank  
  91  15:13  Marine  
  99  15:14  Marine  
  99  15:15  Marine  
  99  15:20  Marine x2  
  100  15:26  Siege Tank  
  100  15:27  Marine x4  
  103  15:32  Marine  
  103  15:33  Marine x2  
  105  15:37  Marine  
  105  15:38  SCV x2, Marine  
  109  15:44  Marine, Siege Tank  
  109  15:45  Marine x2  
  109  15:46  Marine  
  109  15:50  Marine  
  109  15:51  Marine x2  
  109  15:54  Medivac  
  109  15:55  Marine  
  109  15:56  Marine  
  116  15:57  SCV x2  
  116  16:02  Marine  
  116  16:03  Marine x2  
  121  16:06  Marine  
  122  16:18  Marine  
  117  16:20  Siege Tank  
  117  16:25  Marine  
  99  16:34  Marine x2  
  99  16:35  Marine  
  87  16:44  Liberator  
  83  16:55  Marine  
  80  17:07  Marine x4  
  80  17:08  Marine x2  
  72  17:25  Marine  
  72  17:26  Marine  
Tags
 
Add a new tag
Caveats
  • Supply blocks, unpowered buildings, or Contaminate may cause inaccurate times.
  • Supply counts are checked every 10 seconds.